 Dungeon Crawl Stone Soup version 0.27.1-34-g3ba077fa99 (webtiles) character file.

Game seed: 13882460129751206717

2432 comborobin the Grappler (level 9, -8/92 HPs)
             Began as a Troll Delver on Jan 8, 2022.
             Was a Follower of the Shining One.
             Killed from afar by Maggie (25 damage)
             ... with a bolt of fire
             ... on level 7 of the Dungeon.
             The game lasted 00:04:11 (3073 turns).

comborobin the Grappler (Troll Delver)              Turns: 3073, Time: 00:04:12

Health: -8/92      AC:  7    Str: 23    XL:     9   Next: 24%
Magic:  8/8        EV:  9    Int: 10    God:    the Shining One [*.....]
Gold:   251        SH:  0    Dex: 11    Spells: 8/8 levels left

rFire    . . .     SeeInvis +     - Unarmed
rCold    . . .     Faith    .   (no shield)
rNeg     . . .     Spirit   .   a - +1 robe
rPois    .         Reflect  .   (helmet restricted)
rElec    +         Harm     .   i - +1 cloak
rCorr    .         Rampage  .   (gloves unavailable)
Will     .....                  (boots unavailable)
Stlth    +.........             (no amulet)
HPRegen  1.25/turn              C - ring of see invisible
MPRegen  0.11/turn              (no ring)

@: hasted, glowing, very quick
A: large, unfitting armour, claws 3, regeneration 1, shaggy fur 1, tough skin 1,
talons 1, clever 1, electricity resistance, wild magic 1, MP-powered wands
a: Renounce Religion


You were on level 7 of the Dungeon.
You worshipped the Shining One.
The Shining One was aware of your devotion.
You visited 2 branches of the dungeon, and saw 5 of its levels.
You also visited: Ossuary.

You collected 251 gold pieces.

Inventory:

Armour
 a - a +1 robe (worn)
 i - a +1 cloak (worn)
Jewellery
 C - a ring of see invisible (left claw)
Wands
 c - a wand of mindburst (16)
 f - a wand of digging (3)
 o - a wand of polymorph (3)
Scrolls
 b - 2 scrolls of fog
 d - 4 scrolls of fear
 h - 3 scrolls of teleportation {unknown}
 p - a scroll of acquirement {unknown}
 q - a scroll of amnesia {unknown}
 u - a scroll of summoning {unknown}
 v - a scroll of enchant weapon {unknown}
 w - 6 scrolls of noise
 y - a scroll of torment {unknown}
 B - a scroll of immolation
Potions
 g - 2 potions of flight {unknown}
 j - a potion of curing
 k - a potion of mutation
 l - a potion of might
 m - 2 potions of invisibility {unknown}
 n - 9 potions of degeneration
 r - a potion of berserk rage {unknown}
 s - a potion of ambrosia {unknown}
 t - 2 potions of resistance
 x - a potion of brilliance {unknown}
 z - 2 potions of lignification
 A - 2 potions of heal wounds {unknown}


   Skills:
 + Level 6.4 Fighting
 - Level 1.6 Dodging
 - Level 3.3 Stealth
 * Level 10.0 Unarmed Combat


You had 8 spell levels left.
You didn't know any spells.
Your spell library contained the following spells:

 Spells                   Type           Power      Damage    Failure   Level
 Foxfire                  Conj/Fire      0%         2x1d4     45%         1
 Ensorcelled Hibernation  Hex/Ice        0%         N/A       58%         2
 Conjure Flame            Conj/Fire      0%         6-21      82%         3
 Inner Flame              Hex/Fire       0%         N/A       82%         3
 Spider Form              Tmut/Pois      0%         N/A       82%         3
 Summon Guardian Golem    Hex/Summ       0%         N/A       82%         3
 Shadow Creatures         Summ           N/A        N/A       100%        6
 Orb of Destruction       Conj           0%         N/A       100%        7
 Spellforged Servitor     Conj/Summ      0%         N/A       100%        7


Dungeon Overview and Level Annotations

Branches:
Dungeon (7/15)             Temple (1/1) D:7         Ossuary (visited)

Altars:
Dithmenos
Gozag
Hepliaklqana
Nemelex Xobeh
Okawaru
Qazlal
Ru
Sif Muna
Uskayaw
Vehumet
Wu Jian
Yredelemnul
The Shining One

Annotations:
D:7 Maggie


Innate Abilities, Weirdness & Mutations

You are too large for most types of armour.
You have claws for hands.
Your natural rate of healing is unusually fast.
You are covered in fur. (AC +1)
You have tough skin. (AC +1)
You have sharp toenails.
Your mind is acute. (Int +2)
You are resistant to electric shocks. (rElec)
Your spells are a little harder to cast, but a little more powerful.
You expend magic power (3 MP) to strengthen your wands.


Message History

Found a stone staircase leading down.
No target in view!
No target in view!
Found a scale mail.
No target in view!
Key pressed, stopping explore.
No target in view!
You see here a +0 scale mail.
Found a rapier.
No target in view!
Maggie the Vainglorious comes into view.
She is wielding a +2 scimitar of pain and carrying a wand of digging (2).
Maggie shouts!
Maggie is nearby!
Maggie points at you and mumbles some strange words.
The bolt of fire hits you!!
Maggie is nearby!
You barely miss Maggie. You claw Maggie, but do no damage. You mangle Maggie!!
Your kick misses Maggie.
Maggie is heavily wounded.
Maggie casts a spell at you. The bolt of fire hits you!!
Okay, then.
You barely miss Maggie. You claw Maggie.
Maggie is heavily wounded.
Maggie points at you and mumbles some strange words.
The bolt of fire hits you!!
* * * LOW HITPOINT WARNING * * *
You completely miss Maggie.
Maggie is heavily wounded.
Maggie casts a spell.
Maggie attempts to bespell you! You resist with some effort.
Okay, then.
Okay, then.
Okay, then.
Okay, then.
Unknown command.
You feel yourself speed up.
Maggie points at you and mumbles some strange words.
The bolt of fire hits you!!
You die...

.........##.#######
.......##
#..#....## ....####
##.#.....## .####
#.#......# ##
##.......#
#.......##
##.......#
#........#
#...@....#
#....@...##
#.#......#
#..##....)# #.#
#....## .. #...##
#####


You could see Maggie.

Vanquished Creatures
  Pikel (D:4)
  Edmund (D:6)
  Menkaure (D:4)
  A water moccasin (D:7)
  A hornet zombie (D:6)
  2 ogres (D:4)
  A necrophage (D:5)
  A centaur (D:6)
  2 bullfrogs
  A kobold brigand (D:7)
  2 scorpions (D:6)
  A water moccasin zombie (D:7)
  3 howler monkeys (D:7)
  A centaur zombie (Ossuary)
  A human zombie (Ossuary)
  A bullfrog zombie (D:6)
  An orc priest (D:4)
  2 hounds
  2 bullfrog skeletons
  3 centaur skeletons
  6 iguanas
  4 orc wizards (D:4)
  4 mummies (Ossuary)
  3 adders
  3 gnolls (D:4)
  2 shadow imps (D:6)
  3 white imps
  2 worms
  A dart slug (D:4)
  7 orcs (D:4)
  2 endoplasms (D:4)
  A giant cockroach (D:4)
  A goblin (D:4)
  A hobgoblin (D:4)
  3 jackals (D:4)
  2 ball pythons (D:4)
  2 gnoll zombies (Ossuary)
  A goblin zombie (Ossuary)
  2 hobgoblin zombies (Ossuary)
  6 kobolds (D:7)
  An orc zombie (Ossuary)
86 creatures vanquished.

Notes
Turn   | Place    | Note
-------+----------+-------------------------------------------
     0 | D:5      | comborobin the Troll Delver began the quest for the Orb.
     0 | D:5      | Reached XP level 1. HP: 22/22 MP: 0/0
    13 | D:6      | Reached XP level 2. HP: 13/29 MP: 1/1
    13 | D:6      | Reached XP level 3. HP: 16/36 MP: 2/2
    37 | D:5      | Noticed a yak
    41 | D:5      | Noticed a yak
    97 | D:5      | Noticed a necrophage
   107 | D:5      | Killed a necrophage
   108 | D:5      | Reached skill level 3 in Unarmed Combat
   108 | D:5      | Reached XP level 4. HP: 43/45 MP: 3/3
   108 | D:5      | Reached XP level 5. HP: 51/53 MP: 4/4
   184 | D:4      | Noticed an ogre
   192 | D:4      | Killed an ogre
   193 | D:4      | Reached skill level 4 in Unarmed Combat
   196 | D:4      | Reached XP level 6. HP: 61/61 MP: 5/5
   367 | D:4      | Noticed Menkaure
   373 | D:4      | Noticed Pikel
   376 | D:4      | Killed Menkaure
   377 | D:4      | Reached skill level 5 in Unarmed Combat
   414 | D:4      | Killed Pikel
   415 | D:4      | Reached skill level 6 in Unarmed Combat
   415 | D:4      | Reached XP level 7. HP: 36/71 MP: 6/6
   481 | D:4      | Reached skill level 7 in Unarmed Combat
   518 | D:4      | Identified the +1 mace "Nuicamev" {drain, rElec rPois rF+}
   619 | D:4      | Reached XP level 8. HP: 79/79 MP: 7/7
   624 | D:4      | Reached skill level 5 in Fighting
   639 | D:4      | Found an ornate altar of the Wu Jian Council.
  1005 | D:6      | Reached skill level 8 in Unarmed Combat
  1330 | D:6      | Noticed Edmund
  1342 | D:6      | Killed Edmund
  1343 | D:6      | Reached skill level 9 in Unarmed Combat
  1918 | D:7      | Found a sand-covered staircase.
  1971 | D:7      | Found a staircase to the Ecumenical Temple.
  1975 | D:7      | Reached XP level 9. HP: 89/89 MP: 8/8
  1981 | Temple   | Entered the Ecumenical Temple
  2336 | Temple   | Became a worshipper of the Shining One
  2373 | Ossuary  | Entered an ossuary
  2502 | Ossuary  | Reached * piety under the Shining One
  2644 | Ossuary  | Gained mutation: You are weak. (Str -2) [potion of
                  | mutation]
  2644 | Ossuary  | Gained mutation: You have sharp toenails. [potion of
                  | mutation]
  2644 | Ossuary  | Gained mutation: Your mind is acute. (Int +2) [potion of
                  | mutation]
  2645 | Ossuary  | Lost mutation: You are weak. (Str -2) [potion of mutation]
  2645 | Ossuary  | Gained mutation: You expend magic power (3 MP) to
                  | strengthen your wands. [potion of mutation]
  2645 | Ossuary  | Gained mutation: Your spells are a little harder to cast,
                  | but a little more powerful. [potion of mutation]
  2645 | Ossuary  | Gained mutation: You are resistant to electric shocks.
                  | (rElec) [potion of mutation]
  2924 | D:7      | Reached skill level 10 in Unarmed Combat
  3065 | D:7      | Noticed Maggie
  3073 | D:7      | Killed from afar by Maggie

Illustrated notes

Levels and vault maps discovered:
D:4:      layout_cave_pools, nicolae_overflow_crystal_walls, serial_glass,
          glass_columns_b, glass_columns_a, minmay_a_box_with_orc_wizards_in_it,
          uniq_pikel, uniq_menkaure
D:5:      layout_rooms, minmay_hedge_maze
D:6:      layout_basic, cheibrodos_sewer_entry_bend, uniq_edmund
D:7:      layout_cave_pods, kennysheep_mini, minmay_temple_entry_grid,
          nicolae_ossuary_entry_monument, uniq_maggie
Temple:   hc_temple_tempest_star

Skill      XL: |  1  2  3  4  5  6  7  8  9 |
---------------+----------------------------+-----
Stealth        | 3 |  3.3
Fighting       | 3 4 6 |  6.4
Unarmed Combat | 3 4 6 7 9 10 | 10.0
Dodging        | |  1.6

Action                   |  1- 3 |  4- 6 |  7- 9 || total
-------------------------+-------+-------+-------++-------
Melee: Unarmed           |    19 |    64 |   170 ||   253
       Punch             |     1 |     1 |     5 ||     7
       Kick              |       |       |     6 ||     6
  Use: Scroll            |     1 |     1 |     4 ||     6
       Potion            |       |     1 |     3 ||     4
 Stab: Sleeping          |       |     1 |     4 ||     5
Armor: Robe              |     5 |    11 |    52 ||    68
Dodge: Dodged            |     5 |    30 |    52 ||    87
